 Dungeon Crawl Stone Soup version 0.25-b1-23-ge2ad7d536c (webtiles) character file.

Game seed: 17331296097652128408, levelgen mode: deterministic

37 Esekla the Magician (level 3, -1/21 HPs)
             Began as an Octopode Wizard on June 3, 2020.
             Slain by a kobold
             ... wielding a +0 whip
              (4 damage)
             ... on level 2 of the Dungeon.
             The game lasted 00:06:56 (824 turns).

Esekla the Magician (Octopode Wizard)                Turns: 824, Time: 00:06:57

Health: -1/21      AC:  1    Str:  7    XL:     3   Next: 39%
Magic:  5/8        EV: 13    Int: 20    God:
Gold:   15         SH:  0    Dex: 10    Spells: 3/9 levels left

rFire    . . .     SeeInvis .   g - +1 dagger (drain)
rCold    . . .     Gourm    .   (no shield)
rNeg     . . .     Faith    .   a - +0 hat
rPois    .         Spirit   .   (no amulet)
rElec    .         Reflect  .   (no ring)
rCorr    .         Harm     .   (no ring)
MR       .....                  (no ring)
Stlth    +++.......             (no ring)
HPRegen  0.07/turn              (no ring)
MPRegen  0.11/turn              (no ring)
                                (no ring)
                                (no ring)

@: lethally poisoned (-1 -> -3)
A: almost no armour, stealthy swim, amphibious, 8 rings, constrict 8, camouflage
1, gelatinous body 1
a: no special abilities


You were on level 2 of the Dungeon.
You were not hungry.

You visited 1 branch of the dungeon, and saw 2 of its levels.

You collected 15 gold pieces.

Inventory:

Hand Weapons
 g - a +1 dagger of draining (weapon)
Armour
 a - a +0 hat (worn)
 e - a +0 buckler
Scrolls
 b - a scroll of identify {unknown}
 d - 2 scrolls of magic mapping {unknown}
 h - a scroll of immolation {unknown}
Potions
 f - a potion of curing {unknown}
Comestibles
 c - 4 rations


   Skills:
 + Level 2.1 Dodging
 + Level 2.6 Stealth
 + Level 3.7 Spellcasting
 + Level 1.3 Conjurations
   Level 1.0 Summonings
 * Level 1.0 Translocations
 * Level 0.9 Air Magic


You had 3 spell levels left.
You knew the following spells:

 Your Spells              Type           Power        Failure   Level  Hunger
a - Magic Dart            Conj           #...         8%          1    None
b - Blink                 Tloc           N/A          13%         2    ##.....
c - Mephitic Cloud        Conj/Pois/Air  #.......     28%         3    ###....

Your spell library contained the following spells:

 Spells                   Type           Power        Failure   Level  Hunger
 Call Imp                 Summ           #.......     13%         2    ##.....
 Slow                     Hex            #.......     21%         2    ##.....
 Conjure Flame            Conj/Fire      #.......     30%         3    ###....


Dungeon Overview and Level Annotations

Branches:
Dungeon (2/15)

Altars:


Innate Abilities, Weirdness & Mutations

You cannot wear most types of armour.
You are very stealthy in the water. (Stealth+)
You are amphibious.
You can wear up to eight rings at the same time.
You can use your tentacles to constrict eight enemies at once.
Your skin changes colour to match your surroundings (Stealth+).
Your rubbery body absorbs attacks. (AC +1, EV +1)


Message History

You kill the adder!
Casting: Magic Dart (safe; 8% risk of failure)
Confirm with . or Enter, or press ? or * to list all spells.
Okay, then.
You closely miss the kobold. Your grab misses the kobold.
The kobold hits you with a +0 whip.
* * * LOW HITPOINT WARNING * * *
You barely miss the kobold. You grab the kobold.
You constrict the kobold, but do no damage.
* * * LOW HITPOINT WARNING * * *
You feel sick. The kobold barely misses you.
Casting: Magic Dart (safe; 8% risk of failure)
Confirm with . or Enter, or press ? or * to list all spells.
Aiming: Magic Dart (safe; 8% risk of failure)
Press: ? - help, Shift-Dir - straight line, f - kobold
Aim: a kobold, wielding a +0 whip and quivering 3 stones (constricted by you)
The magic dart hits the kobold.
The kobold is heavily wounded.
You constrict the kobold. The kobold hits you with a +0 whip.
You die...

#.#.#
#.#[#####.#
#.# #.#.#
##.# #.###.#
#.#.# ##
#####.....#
..$.
#.........#
.
#.######.##
#. #.# #.#
#.# #.# #.#
###.##.#.#
#.#
#.#@.....#.#
#.#
#>K....###.#
#.#
#..........#
#.#
#......#####
#.#
#........
#..#..##..
..###.# ###
##. ..# ..


You could see a kobold.

Vanquished Creatures
  An adder (D:2)
  A dart slug (D:1)
  2 leopard geckos (D:1)
  2 bats (D:1)
  2 giant cockroaches (D:1)
  3 goblins
  4 hobgoblins
  A kobold (D:1)
  A ball python (D:1)
  A frilled lizard (D:1)
  5 rats (D:1)
23 creatures vanquished.

Notes
Turn   | Place    | Note
-------+----------+-------------------------------------------
     0 | D:1      | Esekla the Octopode Wizard began the quest for the Orb.
     0 | D:1      | Reached XP level 1. HP: 11/11 MP: 4/4
   291 | D:1      | Reached XP level 2. HP: 17/17 MP: 0/6
   638 | D:1      | Reached XP level 3. HP: 12/21 MP: 0/8
   642 | D:1      | Learned a level 2 spell: Blink
   646 | D:1      | Learned a level 3 spell: Mephitic Cloud
   824 | D:2      | Slain by a kobold

Illustrated notes

Levels and vault maps discovered:
D:1:      evilmike_arrival_crescent, layout_rooms, serial_bayou_pond_a,
          minmay_heptomino_h4
D:2:      layout_loops_ring, minitemple, nicolae_overflow_hidden_temple,
          first_ration, chequers_serial_rivers_room_a, minmay_shallow_snake_nest

Action                   || total
-------------------------++-------
Melee: Unarmed           ||    16
       Constrict         ||    11
       Tentacles         ||     5
       Dagger            ||    11
 Cast: Magic Dart        ||    42
       Blink             ||     4
Armor: Skin              ||     4
Dodge: Dodged            ||    27
